 Dungeon Crawl Stone Soup version 0.22-a0-42-g002c468 (webtiles) character file.

2 KristoblXynda the Charmwright (level 1, -1/10 HPs)
             Began as a Spriggan Skald on Jan 5, 2018.
             Slain by a goblin
             ... wielding a +0 club
              (5 damage)
             ... on level 1 of the Dungeon.
             The game lasted 00:00:14 (83 turns).

KristoblXynda the Charmwright (Spriggan Skald)        Turns: 83, Time: 00:00:14

Health: -1/10      AC:  2    Str:  7    XL:     1   Next: 25%
Magic:  3/5        EV: 18    Int: 14    God:
Gold:   14         SH:  0    Dex: 15    Spells: 4/5 levels left

rFire    . . .     SeeInvis +   a - +0 short sword
rCold    . . .     Gourm    .   (shield restricted)
rNeg     . . .     Faith    .   b - +0 robe
rPois    .         Spirit   .   (helmet restricted)
rElec    .         Reflect  .   (no cloak)
rCorr    .         Harm     .   (gloves unavailable)
MR       .....                  (boots unavailable)
Stlth    +.........             (no amulet)
HPRegen  0.03/turn              (no ring)
MPRegen  0.09/turn              (no ring)

@: infused, very quick
A: very small, unfitting armour, see invisible, herbivore, speed 3, slow
metabolism 2
a: no special abilities


You were on level 1 of the Dungeon.
You were not hungry.

You visited 1 branch of the dungeon, and saw 1 of its levels.

You collected 14 gold pieces.

Inventory:

Hand Weapons
 a - a +0 short sword (weapon)
Armour
 b - a +0 robe (worn)
Potions
 e - a potion of degeneration {unknown}
Books
 c - a book of Battle

   Spells                             Type                      Level
   a - Infusion                       Charms                       1
   b - Shroud of Golubria             Charms/Translocation         2
   c - Song of Slaying                Charms                       2
   d - Spectral Weapon                Hexes/Charms                 3
   e - Regeneration                   Charms/Necromancy            3
Comestibles
 d - a ration


   Skills:
 - Level 1.5 Fighting
 + Level 2.2 Short Blades
 + Level 3.5 Dodging
 + Level 2.7 Spellcasting
 + Level 4.4 Charms


You had 4 spell levels left.
You knew the following spells:

 Your Spells              Type           Power        Failure   Level  Hunger
a - Infusion              Chrm           ##..         3%          1    #......


Dungeon Overview and Level Annotations

Branches:
Dungeon (1/15)

Altars:


Innate Abilities, Weirdness & Mutations

You are very small and have problems with some larger weapons.
You are too small for most types of armour.
You have supernaturally acute eyesight. (SInv)
You are a herbivore.
You cover ground extremely quickly.
You need consume almost no food.


Message History

You start resting.
Your magical infusion is running out.
Found a stone staircase leading down.
Found an escape hatch in the floor.
A goblin comes into view. It is wielding a club.
You are no longer magically infusing your attacks.
The goblin shouts!
A goblin is nearby!
A goblin is nearby!
A goblin is nearby!
The goblin hits you with a club.
A kobold comes into view. It is wielding a club.
You closely miss the goblin. The goblin hits you with a club.
The kobold shouts!
Casting: Infusion
Confirm with . or Enter, or press ? or * to list all spells.
You begin infusing your attacks with magical energy.
The goblin hits you with a club.
Ouch! That really hurt!
You die...

### #>. #.###### ...#
#.#....# ...# #......#
...# ######.....?# ...#
#..........@# ...#
#.###..##.#gK......
...###......##.###.#####
....##...#.#.... .#
....†....#.#+#... .
...###...#.. ...## .#
...# #####.. ...# #
....... .>. ...# ....###


You could see a goblin and a kobold.

Vanquished Creatures
  A leopard gecko (D:1)
1 creature vanquished.

Notes
Turn   | Place    | Note
-------+----------+-------------------------------------------
     0 | D:1      | KristoblXynda the Spriggan Skald began the quest for the Orb.
     0 | D:1      | Reached XP level 1. HP: 10/10 MP: 5/5
    83 | D:1      | Slain by a goblin

Vault maps used:
D:1:      dpeg_cavernosity

Action                   || total
-------------------------++-------
Melee: Short sword       ||     4
 Cast: Infusion          ||     2
Dodge: Dodged            ||     2

Table legend:
 A = Spawn XP
 B = Non-spawn XP
 C = Spawn XP percentage of total XP
 D = Spawn monster count
 E = Non-spawn monster count
 F = Spawn count percentage of total count
 G = Total turns spent on level
                    A         B        C        D         E        F      G
               +---------+---------+-------+---------+---------+-------+---------
         Total |       0 |       3 |   0.0 |       0 |       1 |   0.0 |    83
               +---------+---------+-------+---------+---------+-------+---------
           D:1 |       0 |       3 |   0.0 |       0 |       1 |   0.0 |    83
               +---------+---------+-------+---------+---------+-------+---------
